 Seeded DCSS version 0.32-a0-913-g739538afd8 (webtiles) character file.

Game seed: 20240408 (custom seed)

39735 Orlauf the Dancer (level 13, -2/109 HPs)
             Began as a Demonspawn Gladiator on Apr 8, 2024.
             Was a Priest of Uskayaw.
             Slain by a cane toad (20 damage)
             ... on level 3 of the Lair of Beasts.
             The game lasted 00:26:52 (16192 turns).

Orlauf the Dancer (Demonspawn Gladiator)           Turns: 16192, Time: 00:26:54

Health: -2/109     AC: 29    Str: 18    XL:     13   Next: 70%
Magic:  0/23       EV:  7    Int:  9    God:    Uskayaw [***...]
Gold:   1489       SH:  0    Dex: 16    Spells: 12/12 levels left

rFire   + . .        a - +5 broad axe
rCold   . . .        (no shield)
rNeg    . . .        x - +0 plate armour
rPois   .            M - +0 mask of the Dragon {Will+ Slay+3 SInv}
rElec   .            Q - +0 cloak
rCorr   .            g - +0 pair of gloves
SInv    +            (no boots)
Will    +....        y - amulet of faith Stlth
                     o - +4 ring of protection
HPRegen 0.38/turn    B - ring of protection from fire
MPRegen 0.36/turn

%: guardian spirit, faith
@: lethally poisoned (-2 -> -12), sanguine armoured
A: hooves 2, ignite blood 1, magic shield, magic regeneration, sanguine armour 2
a: Renounce Religion, Stomp, Line Pass


You were on level 3 of the Lair of Beasts.
You worshipped Uskayaw.
Uskayaw was pleased with you.
You visited 2 branches of the dungeon, and saw 16 of its levels.
You also visited: Bailey.

You collected 2023 gold pieces.
You spent 534 gold pieces at shops.

Inventory:

Hand Weapons
 a - a +5 broad axe (weapon)
 b - the +6 spear "Jellyslayer" {protect, rC+ SInv Stlth+}
   (You found it on level 8 of the Dungeon)

   rC+:       It protects you from cold.
   SInv:      It lets you see invisible.
   Stlth+:    It makes you more stealthy.
 d - a +1 war axe of protection
 f - a +5 hand axe
 A - a +0 morningstar of protection
 N - a +0 battleaxe
Missiles
 z - a throwing net
 P - 3 silver javelins
Armour
 c - a +1 helmet
 g - a +0 pair of gloves (worn)
 x - a +0 plate armour (worn)
 M - the +0 mask of the Dragon (worn) {Will+ Slay+3 SInv}
   (You bought it in a shop on level 12 of the Dungeon)

   Slay+3:    It affects your accuracy & damage with ranged weapons and melee
   (+3).
   Will+:     It increases your willpower.
   SInv:      It lets you see invisible.
 Q - a +0 cloak (worn)
Jewellery
 o - a +4 ring of protection (left hand)
 s - the amulet "Ijohuus" {Regen+ Int+3}
   (You found it on level 1 of the Lair of Beasts)

   [amulet of regeneration]

   Int+3:     It affects your intelligence (+3).
   Regen+:    It increases your rate of health regeneration.
 y - an amulet of faith (around neck)
 B - a ring of protection from fire (right hand)
 C - a ring of protection from fire
 F - a +6 ring of strength
 O - an amulet of reflection
 T - a ring of fire
Wands
 j - a wand of warping (10)
 r - a wand of paralysis (12)
 v - a wand of flame (39) (quivered)
 L - a wand of polymorph (4)
Scrolls
 h - a scroll of amnesia
 n - 5 scrolls of poison
 p - 6 scrolls of fog
 u - 3 scrolls of teleportation
 D - a scroll of blinking
 G - a scroll of fear
 H - 6 scrolls of enchant armour
 J - a scroll of immolation
 K - 2 scrolls of vulnerability
Potions
 e - 3 potions of heal wounds
 i - 3 potions of magic
 k - a potion of ambrosia
 l - 3 potions of mutation
 m - 6 potions of curing
 t - 3 potions of attraction
 w - a potion of invisibility {unknown}
 E - 4 potions of resistance
 I - 2 potions of berserk rage
Miscellaneous
 q - a Gell's gravitambourine (2/2)


   Skills:
 - Level 12.5 Fighting
 * Level 12.9 Axes
 - Level 1.7 Throwing
 - Level 8.9 Armour
 + Level 5.5 Dodging
 + Level 14.3 Invocations


You had 12 spell levels left.
You didn't know any spells.
Your spell library contained the following spells:

 Spells                   Type           Power      Damage    Failure   Level
 Apportation              Tloc           0%         N/A       100%        1
 Necrotise                Necr           0%         1d4       100%        1
 Sandblast                Erth           0%         2d4       100%        1
 Sting                    Conj/Alch      0%         1d3       100%        1
 Summon Small Mammal      Summ           0%         N/A       100%        1
 Sublimation of Blood     Necr           0%         N/A       100%        2
 Fugue of the Fallen      Necr           0%         N/A       100%        3
 Ozocubu's Armour         Ice            0%         N/A       100%        3
 Stone Arrow              Conj/Erth      0%         3d7       100%        3
 Anguish                  Hex/Necr       0%         N/A       100%        4
 Animate Armour           Summ/Erth      0%         N/A       100%        4
 Brom's Barrelling Bould  Conj/Erth      0%         2d3       100%        4
 Cause Fear               Hex            0%         N/A       100%        4
 Petrify                  Alch/Erth      0%         N/A       100%        4
 Irradiate                Conj/Alch      0%         3d11      100%        5
 Enfeeble                 Hex            0%         N/A       100%        7
 Manifold Assault         Tloc           0%         N/A       100%        7
 Lehudib's Crystal Spear  Conj/Erth      0%         10d2      100%        8


Dungeon Overview and Level Annotations

Branches:
Dungeon (13/15)            Temple (0/1) D:6            Lair (3/5) D:11
    Orc (0/2) D:12         Vaults (0/5) D:13         Bailey (visited)
  Swamp: Lair:2-3    Shoals: Lair:2-3     Snake: Lair:2-3    Spider: Lair:2-3

Altars:
Ashenzari
Cheibriados
Dithmenos
Fedhas
Hepliaklqana
Kikubaaqudgha
Makhleb
Qazlal
Sif Muna
Trog
Uskayaw
Vehumet
Yredelemnul

Shops:
D:4 (   D:7 (   D:9 (   D:12 [

Annotations:
D:13 3 runed translucent doors, Goblam's ghost, journeyman MiFi


Innate Abilities, Weirdness & Mutations

You have hoof-like feet.
Your demonic aura sometimes causes spilled blood to erupt in flames.
When hurt, damage is shared between your health and your magic reserves.
You regenerate magic rapidly.
When seriously injured, your blood forms thick armour. (AC +9)


Message History

You feel much better.
The rime drake hisses angrily.
The cane toad attacks as it pursues you!
The cane toad stings you!
* * * LOW HITPOINT WARNING * * *
The blink frog blinks!
The cane toad is engulfed in blazing flames.
The cane toad stings you!!
* * * LOW HITPOINT WARNING * * *
You are lethally poisoned!
The cane toad poisons you!
A blink frog comes into view.
The blink frog blinks!
The cane toad is engulfed in blazing flames.
The cane toad stings you but does no damage.
The blink frog gives a loud, deep croak!
You hit the cane toad.
You kill the cane toad!
* * * LOW HITPOINT WARNING * * *
You feel very sick.
You hear a croak.
The blink frog blinks!
Unknown command.
You hit the cane toad but do no damage.
The cane toad is heavily wounded.
You hit the rime drake.
* * * LOW HITPOINT WARNING * * *
You feel very sick.
The rime drake bites you but does no damage.
The blink frog blinks!
The cane toad is engulfed in blazing flames.
The cane toad barely misses you.
You feel much better.
You feel very sick.
The blink frog is no longer sharing its pain.
The blink frog barely misses you. The rime drake closely misses you.
The cane toad is engulfed in blazing flames.
The cane toad stings you!!
You die...
Your body falls in perfect tune with the rhythm.

.......♣♣ ..§♣♣ ♣#.....
........♣ ♣♣...§§ ♣#......
.>.....♣♣....§§♣ ♣.......
.......♣F)....♣ ♣#......
#...♣.)♣ ##..... ###....♣♣♣
♣♣♣♣##.....
####.#..§####♣♣♣♣.........#
........F......§.........# ..
###.....F..@.......).......P
..##.##......Fk...............P
..............##.##...#.#.....
#........§..##.##P...##......
#..........P#####....##...##
#...P.....P.## #....#.#...##
#..#.....P.#.####...#####..#
#..................## #....
#..##P...##...###### ##...


You could see a cane toad (strong, pain bonded), 2 blink frogs and a rime drake.

Vanquished Creatures
  Kirke (D:13)
  An orc warlord (Bailey)
  Snorg (D:13)
  An ogre mage (D:13)
  A centaur warrior (D:13)
  3 two-headed ogres
  The ghost of bigdog255 the Thaumaturge, a journeyman DESu of Sif Muna (Lair:1)
  5 death yaks (Lair:2)
  2 tengu warriors (D:13)
  2 spriggan druids (Lair:3)
  4 manticores
  A cyclops (D:10)
  A black mamba (Lair:1)
  A moth of wrath (Lair:1)
  2 torpor snails (Lair:1)
  3 cane toads
  3 gargoyles
  Jeremiah (D:8)
  4 rime drakes
  10 komodo dragons
  7 trolls
  Grinder (D:5)
  A dream sheep (Lair:1)
  7 blink frogs
  22 slime creatures
  2 humans (D:13)
  A basilisk (Lair:2)
  2 wyverns
  4 hogs (D:13)
  4 wraiths
  22 yaks
  8 vampire mosquitoes (D:13)
  Menkaure (D:7)
  A steam dragon (D:9)
  4 acid dragons
  9 water moccasins
  8 ice beasts
  A sky beast (D:7)
  An ogre (D:3)
  8 orc warriors
  2 black bears
  17 wolves
  3 centaurs
  A kobold brigand (D:9)
  6 bullfrogs
  A gnoll sergeant (D:10)
  2 scorpions (D:7)
  5 wights (D:6)
  4 killer bees (D:8)
  A crimson imp (D:5)
  12 orc priests
  A jelly (D:8)
  A sleepcap (D:8)
  A gnoll bouda (D:9)
  3 hounds
  Natasha (thrice) (D:3)
  4 iguanas
  12 orc wizards
  5 hell rats (Lair:2)
  13 gnolls
  8 adders
  A shadow imp (D:8)
  2 ufetubi (D:4)
  3 dart slugs (D:1)
  A ribbon worm (D:4)
  43 orcs
  7 endoplasms
  4 giant cockroaches
  11 goblins
  16 hobgoblins
  4 jackals
  5 quokkas
  3 training dummies (D:4)
  7 ball pythons
  3 bats
  5 frilled lizards
  A goblin skeleton (D:5)
  2 goblin zombies (D:5)
  22 kobolds
  A kobold skeleton (D:5)
  A kobold zombie (D:5)
  An orc skeleton (D:5)
  An orc zombie (D:5)
  2 rats
413 creatures vanquished.

Notes
Turn   | Place    | Note
-------+----------+-------------------------------------------
     0 | D:1      | Orlauf the Demonspawn Gladiator began the quest for the
                  | Orb.
     0 | D:1      | Reached XP level 1. HP: 16/16 MP: 1/1
    63 | D:1      | Gained mutation: You regenerate magic rapidly. [demonic
                  | ancestry]
    63 | D:1      | Reached XP level 2. HP: 17/22 MP: 2/2
   569 | D:1      | Gained mutation: You have large cloven feet. [demonic
                  | ancestry]
   569 | D:1      | Reached XP level 3. HP: 28/28 MP: 3/3
  1195 | D:2      | Reached XP level 4. HP: 35/35 MP: 4/4
  1513 | D:3      | Noticed an ogre
  1523 | D:3      | Killed an ogre
  1524 | D:3      | Reached XP level 5. HP: 23/41 MP: 5/5
  1658 | D:3      | Noticed Natasha
  1665 | D:3      | Killed Natasha
  1671 | D:3      | Reached skill level 5 in Axes
  1675 | D:3      | Noticed Natasha
  1684 | D:3      | Killed Natasha
  1710 | D:3      | Noticed Natasha
  1717 | D:3      | Killed Natasha
  1718 | D:3      | Gained mutation: You have hoof-like feet. [demonic
                  | ancestry]
  1718 | D:3      | Reached XP level 6. HP: 28/48 MP: 6/6
  1833 | D:3      | Found a broken altar of Ashenzari.
  2022 | D:3      | Found a blossoming altar of Fedhas.
  2112 | D:3      | Noticed a +0 dagger
  2112 | D:3      | Noticed a +0 falchion
  2112 | D:3      | Noticed a +0 falchion
  2112 | D:3      | Noticed a +0 spear
  2113 | D:3      | Noticed a +0 short sword
  2113 | D:3      | Noticed a +0 short sword
  2113 | D:3      | Noticed a +0 dagger
  2113 | D:3      | Noticed a +0 spear
  2125 | D:3      | Found a hide-covered altar of Uskayaw.
  2145 | D:3      | Became a worshipper of Uskayaw the Reveller
  2327 | D:4      | Reached * piety under Uskayaw
  2328 | D:4      | Reached ** piety under Uskayaw
  2334 | D:4      | Reached *** piety under Uskayaw
  2340 | D:4      | Reached **** piety under Uskayaw
  2342 | D:4      | Reached skill level 1 in Invocations
  2343 | D:4      | Reached ***** piety under Uskayaw
  2398 | D:4      | Found a stormy altar of Qazlal.
  2440 | D:4      | Found a hazy altar of Hepliaklqana.
  2460 | D:4      | Found a radiant altar of Vehumet.
  2470 | D:4      | Reached skill level 2 in Invocations
  2509 | D:4      | Gained mutation: When hurt, damage is shared between your
                  | health and your magic reserves. [demonic ancestry]
  2509 | D:4      | Reached XP level 7. HP: 55/55 MP: 8/8
  2809 | D:4      | Found Otucsal's Firing Range.
  2937 | D:4      | Found a shimmering blue altar of Sif Muna.
  3003 | D:5      | Entered Level 5 of the Dungeon
  3148 | D:5      | Found a bloodstained altar of Trog.
  3187 | D:5      | Reached skill level 3 in Invocations
  3248 | D:5      | Noticed Grinder
  3262 | D:5      | Killed Grinder
  3263 | D:5      | Reached skill level 5 in Fighting
  3664 | D:6      | Reached skill level 4 in Invocations
  3665 | D:6      | Gained mutation: When seriously injured, your blood forms
                  | armour. (AC +9) [demonic ancestry]
  3665 | D:6      | Reached XP level 8. HP: 26/63 MP: 8/11
  4073 | D:6      | Reached skill level 5 in Invocations
  4432 | D:6      | Found a staircase to the Ecumenical Temple.
  4936 | D:7      | Found a basalt altar of Yredelemnul.
  5045 | D:7      | Noticed Menkaure
  5049 | D:7      | Killed Menkaure
  5050 | D:7      | Reached skill level 6 in Invocations
  5054 | D:7      | Gained mutation: Your demonic aura sometimes causes spilled
                  | blood to erupt in flames. [demonic ancestry]
  5054 | D:7      | Reached XP level 9. HP: 22/72 MP: 3/13
  5262 | D:7      | Found a shadowy altar of Dithmenos.
  5343 | D:7      | Found Rapiy's Weapon Emporium.
  5766 | D:8      | Noticed Jeremiah
  5775 | D:8      | Reached skill level 7 in Invocations
  5777 | D:8      | Reached ****** piety under Uskayaw
  5791 | D:8      | Killed Jeremiah
  5955 | D:8      | Identified the +6 spear "Jellyslayer" {protect, rC+ SInv
                  | Stlth+}
  6348 | D:9      | Noticed a two-headed ogre
  6429 | D:9      | Found Uclulat's Weapon Boutique.
  6466 | D:9      | Noticed a troll
  6486 | D:9      | Killed a troll
  6487 | D:9      | Reached skill level 8 in Invocations
  6499 | D:9      | Found a flagged portal.
  6600 | Bailey   | Entered a bailey
  6625 | Bailey   | Noticed an orc warlord
  6923 | Bailey   | Found a runed translucent gate.
  6925 | Bailey   | Found a runed translucent gate.
  6927 | Bailey   | Found a runed translucent gate.
  7013 | Bailey   | Killed an orc warlord
  7014 | Bailey   | Reached skill level 10 in Fighting
  7014 | Bailey   | Reached XP level 10. HP: 53/85 MP: 12/16
  7038 | Bailey   | Identified the +5 leather armour of the Snail {rC- Will++
                  | Dex+2 SInv}
  7199 | D:9      | Killed a two-headed ogre
  7200 | D:9      | Reached skill level 9 in Invocations
  7541 | D:9      | Reached skill level 1 in Armour
  8008 | D:9      | Acquired 964 gold pieces
  8019 | D:10     | Entered Level 10 of the Dungeon
  8054 | D:10     | Found a snail-covered altar of Cheibriados.
  8054 | D:10     | Found a burning altar of Makhleb.
  8151 | D:10     | Found an ancient bone altar of Kikubaaqudgha.
  8291 | D:10     | Noticed a cyclops
  8296 | D:10     | Killed a cyclops
  8578 | D:10     | Reached skill level 10 in Invocations
  8578 | D:10     | Gained mutation: When seriously injured, your blood forms
                  | thick armour. (AC +9) [demonic ancestry]
  8578 | D:10     | Reached XP level 11. HP: 88/93 MP: 16/18
  9010 | D:11     | Found a staircase to the Lair.
  9156 | D:11     | Noticed a boulder beetle
  9594 | D:11     | Reached skill level 5 in Armour
 10360 | D:12     | Reached skill level 10 in Axes
 10651 | D:12     | Found Valali's Armour Shoppe.
 10651 | D:12     | Found a staircase to the Orcish Mines.
 10658 | D:12     | Bought the +0 mask of the Dragon {Will+ Slay+3 SInv} for
                  | 534 gold pieces
 10658 | D:12     | Found the +0 mask of the Dragon {Will+ Slay+3 SInv}
 10687 | D:12     | Reached skill level 11 in Invocations
 11384 | D:13     | Noticed a tengu warrior
 11390 | D:13     | Killed a tengu warrior
 11614 | D:13     | Noticed a centaur warrior
 11766 | D:13     | Killed a centaur warrior
 11767 | D:13     | Reached XP level 12. HP: 26/102 MP: 6/20
 12175 | D:13     | Noticed a two-headed ogre
 12175 | D:13     | Noticed a two-headed ogre
 12176 | D:13     | Noticed Kirke
 12176 | D:13     | Noticed an ogre mage
 12182 | D:13     | Killed a two-headed ogre
 12183 | D:13     | Killed a two-headed ogre
 12184 | D:13     | Reached skill level 12 in Invocations
 12184 | D:13     | Killed Kirke
 12192 | D:13     | Killed an ogre mage
 12296 | D:13     | Found a gate to the Vaults.
 12396 | D:13     | Noticed a tengu warrior
 12409 | D:13     | Killed a tengu warrior
 12515 | D:13     | Noticed Snorg
 12536 | D:13     | Killed Snorg
 12815 | D:13     | Found a runed translucent gate.
 12816 | D:13     | Found a runed translucent gate.
 12816 | D:13     | Found a runed translucent gate.
 12816 | D:13     | Noticed a lich
 12817 | D:13     | Found an ancient bone altar of Kikubaaqudgha.
 12817 | D:13     | Noticed a lich
 12817 | D:13     | Noticed a lich
 12817 | D:13     | Noticed Goblam's ghost (journeyman MiFi)
 12817 | D:13     | Noticed a lich
 13182 | Lair:1   | Entered Level 1 of the Lair of Beasts
 13415 | Lair:1   | Reached skill level 13 in Invocations
 13418 | Lair:1   | Reached XP level 13. HP: 78/109 MP: 18/22
 13945 | Lair:1   | Found a transporter.
 13945 | Lair:1   | Noticed bigdog255's ghost (journeyman DESu)
 13962 | Lair:1   | Found a transporter.
 14646 | Lair:1   | Killed bigdog255's ghost
 14649 | Lair:1   | Identified the amulet "Ijohuus" {Regen+ Int+3}
 15260 | Lair:2   | Reached skill level 5 in Dodging
 15443 | Lair:2   | Reached skill level 14 in Invocations
 16190 | Lair:3   | HP: 4/109 [poisoned by a cane toad]
 16192 | Lair:3   | Slain by a cane toad

Illustrated notes

Levels and vault maps discovered:
D:1:      minmay_arrival_open_corners, layout_loops_ring
D:2:      layout_loops_ring
D:3:      layout_rooms, ashenzari_conservatory_becter,
          nicolae_uskayaw_en_pointe, fedhas_altar_3, uniq_natasha
D:4:      layout_rooms, mainiacjoe_overflow_surrounded_room,
          mainiacjoe_overflow_six_doors_small, nicolae_vehumet_radiance,
          lemuel_blue_sif_altar, nicolae_shop_firing_range
D:5:      layout_loops_ring, nicolae_tso_besieged_by_evil,
          mainiacjoe_overflow_alcove_1, uniq_grinder
D:6:      layout_cave_pools, temple_doors_e
D:7:      nicolae_BIG_FREAKIN_CUBE, layout_basic, mainiacjoe_overflow_24_doors,
          nicolae_overflow_crystal_walls, serial_shops, shop, uniq_menkaure
D:8:      layout_basic, uniq_jeremiah
D:9:      layout_loops_ring, serial_shops, shop, enter_bailey_7
D:10:     layout_irregular_city, mainiacjoe_overflow_concentric_impassable,
          amethyst_overflow_temple_binary
D:11:     layout_irregular_city, hellmonk_lair_entry_icy, nicolae_eternal_life
D:12:     layout_loops_cross, orc_david_3, minmay_fountain_box
D:13:     layout_cave_pools, david_vaults_2, gammafunk_ghost_crypt, zin_academy,
          uniq_kirke, uniq_snorg
Lair:1:   layout_cave_pods, gammafunk_ghost_berserking_beasts,
          grunt_megastairs_5, infiniplex_staircase_pool
Lair:2:   layout_cellular_growth
Lair:3:   layout_small_grid, mainiacjoe_swamp_entry_angry_trees,
          nicolae_snake_entry_warm_welcome, lemuel_fruit_fields

Skill      XL: |  1  2  3  4  5  6  7  8  9 10 11 12 13 |
---------------+----------------------------------------+-----
Axes           | 3 4 5 6 7 8 9 10 11 12 | 12.9
Fighting       | 3 4 5 7 10 11 12 | 12.5
Invocations    | 2 4 6 8 10 11 13 14 | 14.3
Armour         | 3 7 8 |  8.9
Dodging        | 3 5 |  5.5
Throwing       | |  1.7

Action                     |  1- 3 |  4- 6 |  7- 9 | 10-12 | 13-15 || total
---------------------------+-------+-------+-------+-------+-------++-------
  Melee: War axe           |   119 |   115 |   215 |       |       ||   449
         Kick              |    10 |    26 |   104 |   151 |    57 ||   348
         Spear             |       |       |   136 |    29 |       ||   165
         Broad axe         |       |       |       |   356 |   157 ||   513
         Unarmed           |       |       |       |     8 |       ||     8
  Throw: Throwing net      |       |     1 |     4 |     1 |       ||     6
 Invoke: Grand Finale      |       |       |       |     1 |       ||     1
  Evoke: Wand              |       |       |    30 |    20 |       ||    50
    Use: Scroll            |     4 |     6 |     9 |     6 |     4 ||    29
         Potion            |       |     1 |     8 |     1 |     3 ||    13
   Stab: Sleeping          |     2 |       |       |       |       ||     2
         Paralysed         |       |     4 |    52 |    62 |    32 ||   150
         Held in net/web   |       |       |     2 |       |       ||     2
 Armour: Leather armour    |    82 |       |       |       |       ||    82
         Ring mail         |       |    50 |       |       |       ||    50
         Skin              |       |     4 |       |     1 |       ||     5
         Scale mail        |       |    74 |     5 |       |       ||    79
         Chain mail        |       |       |    66 |       |       ||    66
         Plate armour      |       |       |   312 |   486 |   162 ||   960
  Dodge: Dodged            |    73 |    71 |   104 |   111 |    42 ||   401

Table legend: (Time is in decaauts)
 A = Elapsed time spent in this place.
 B = Non-inter-level travel time spent in this place.
 C = Inter-level travel time spent in this place.
 D = Time resting spent in this place.
 E = Time spent auto-exploring this place.
 F = Levels seen in this place.
 G = Mean time per level.
                   A        B        C        D        E       F      G
               +--------+--------+--------+--------+--------+-----+--------+
         Total |  16285 |  15941 |    344 |   1317 |  11763 |  17 |  957.9 |
       Dungeon |  12715 |  12413 |    302 |   1147 |   9083 |  13 |  978.1 |
          Lair |   2999 |   2957 |     42 |      0 |   2528 |   3 |  999.7 |
        Bailey |    571 |    571 |      0 |    170 |    152 |   1 |  571.0 |
               +--------+--------+--------+--------+--------+-----+--------+

Top non-repeatable levels by time:
  Lair:1: 1655 daAuts
    D:12: 1628 daAuts
    D:13: 1468 daAuts
    D:11: 1158 daAuts
     D:9: 1079 daAuts
  Lair:2: 954 daAuts
    D:10: 946 daAuts
     D:8: 912 daAuts
     D:6: 867 daAuts
     D:1: 865 daAuts
     D:7: 795 daAuts
     D:3: 786 daAuts
     D:5: 780 daAuts
     D:4: 737 daAuts
     D:2: 687 daAuts
